 Dungeon Crawl Stone Soup version 0.28-a0-1567-g1695149f81 (webtiles) character file.

Game seed: 5354582621109685629

91 Hubris850 the Changer (level 4, 0/28 HPs)
             Began as an Octopode Transmuter on Jan 19, 2022.
             Slain by a ball python (1 damage)
             ... on level 2 of the Dungeon.
             The game lasted 00:02:56 (1290 turns).

Hubris850 the Changer (Octopode Transmuter)         Turns: 1290, Time: 00:02:57

Health: 0/28       AC:  1    Str:  9    XL:     4   Next: 59%
Magic:  6/8        EV: 10    Int: 17    God:
Gold:   51         SH:  0    Dex: 12    Spells: 6/9 levels left

rFire   . . .      SeeInvis .     - Unarmed
rCold   . . .      Faith    .   (no shield)
rNeg    . . .      Spirit   .   (helmet restricted)
rPois   .          Reflect  .   f - amulet of regeneration
rElec   .          Harm     .   (no ring)
rCorr   .          Rampage  .   (no ring)
Will    .....                   (no ring)
Stlth   ++........              (no ring)
HPRegen 0.89/turn               (no ring)
MPRegen 0.11/turn               (no ring)
                                (no ring)
                                (no ring)

@: lethally poisoned (0 -> -2), very slightly contaminated, constricted
A: almost no armour, amphibious, 8 rings, camouflage 1, gelatinous body 1,
(nimble swimmer 1), tentacles
a: no special abilities


You were on level 2 of the Dungeon.
You visited 1 branch of the dungeon, and saw 2 of its levels.

You collected 51 gold pieces.

Inventory:

Missiles
 b - 12 stones
 e - 2 javelins
Armour
 c - an orb of guile
Jewellery
 f - an amulet of regeneration (around mantle)
Wands
 h - a wand of polymorph (6)
Scrolls
 j - a scroll of blinking {unknown}
 m - a scroll of fear {unknown}
 o - a scroll of fog {unknown}
Potions
 a - a potion of mutation {unknown}
 d - a potion of cancellation {unknown}
 g - a potion of degeneration {unknown}
 i - a potion of resistance {unknown}
 k - 2 potions of brilliance {unknown}
 l - a potion of flight {unknown}
 n - a potion of curing {unknown}


   Skills:
 - Level 1.0 Fighting
 - Level 2.0 Dodging
 - Level 3.0 Unarmed Combat
 - Level 3.0 Spellcasting
 + Level 3.9 Transmutations


You had 6 spell levels left.
You knew the following spells:

 Your Spells              Type           Power      Damage    Failure   Level
a - Beastly Appendage     Tmut           32%        N/A       3%          1
b - Wereblood             Tmut           16%        N/A       5%          2

Your spell library contained the following spells:

 Spells                   Type           Power      Damage    Failure   Level
 Spider Form              Tmut/Pois      9%         N/A       24%         3
 Ice Form                 Ice/Tmut       9%         N/A       61%         4


Dungeon Overview and Level Annotations

Branches:
Dungeon (2/15)

Altars:


Innate Abilities, Weirdness & Mutations

You cannot wear most types of armour.
You are amphibious.
You can wear up to eight rings at the same time.
Your skin changes colour to match your surroundings (Stealth+).
Your rubbery body absorbs attacks. (AC +1, EV +1)
((You are camouflaged when in or above water. (Stealth+)))
You have tentacles for arms and can constrict up to eight enemies at once.


Message History

You are very lightly contaminated with residual magic.
Nothing appears to happen.
The ball python misses you. The ball python grabs you.
The ball python constricts you.
A rat comes into view.
You closely miss the ball python. You grab the ball python.
You constrict the ball python. The adder bites you. The ball python misses you.
The ball python constricts you.
You tentacle-slap the ball python but do no damage.
The ball python is moderately wounded.
You constrict the ball python. The adder barely misses you.
The ball python barely misses you. The ball python constricts you.
You barely miss the ball python. Your squeeze misses the ball python.
The ball python is severely wounded.
You constrict the ball python.
You kill the ball python!
The adder closely misses you.
You barely miss the adder. Your grab misses the adder. The rat bites you.
The adder bites you but does no damage.
You tentacle-slap the adder but do no damage.
Your grab misses the adder.
Your tentacle-slap misses the adder.
You squeeze the adder.
The adder is moderately wounded.
The rat bites you. The adder bites you. The ball python bites you.
The ball python grabs you. The ball python constricts you.
You tentacle-slap the adder but do no damage.
Your grab misses the adder. Your squeeze misses the adder.
The adder is moderately wounded.
The adder bites you.
You are poisoned.
The adder poisons you! The rat bites you. The ball python closely misses you.
The ball python constricts you.
* * * LOW HITPOINT WARNING * * *
You closely miss the adder. You grab the adder.
The adder is moderately wounded.
You constrict the adder.
You feel sick. The adder bites you.
* * * LOW HITPOINT WARNING * * *
The rat bites you.
* * * LOW HITPOINT WARNING * * *
The ball python bites you.
You die...

#.####### #.......#
#.#####.# #.# #...# #.#
#.### ##.###.####
#######.........##
###.#.rS......##.....#
......S@.............##
###.#.#.##............#
.. #+##.....####...#
... #.....####...## ...
#.............. ..
##....####...## .
#....#........
.............
...<........


You could see an adder, a ball python and a rat.

Vanquished Creatures
  Jessica (D:2)
  Robin (D:2)
  An adder (D:2)
  3 endoplasms
  A giant cockroach (D:1)
  8 goblins
  6 hobgoblins
  4 jackals (D:2)
  3 kobolds
  2 quokkas (D:1)
  A ball python (D:2)
  4 bats
  2 frilled lizards (D:1)
  5 rats (D:1)
42 creatures vanquished.

Notes
Turn   | Place    | Note
-------+----------+-------------------------------------------
     0 | D:1      | Hubris850 the Octopode Transmuter began the quest for the
                  | Orb.
     0 | D:1      | Reached XP level 1. HP: 13/13 MP: 3/3
   229 | D:1      | Found a faded altar of an unknown god.
   282 | D:1      | Reached XP level 2. HP: 15/18 MP: 1/5
  1022 | D:2      | Noticed Jessica
  1030 | D:2      | Killed Jessica
  1031 | D:2      | Reached XP level 3. HP: 23/23 MP: 7/7
  1104 | D:2      | Learned a level 2 spell: Wereblood
  1112 | D:2      | Reached XP level 4. HP: 28/28 MP: 4/8
  1117 | D:2      | Noticed Robin
  1131 | D:2      | Killed Robin
  1290 | D:2      | HP: 1/28 [rat (1)]
  1290 | D:2      | Slain by a ball python

Illustrated notes

Levels and vault maps discovered:
D:1:      wander_arrival_estate, layout_basic, chequers_ecumenical_altar_twisty
D:2:      layout_basic, basic_altar, corexii_item_surrounded_by_moat,
          uniq_robin, uniq_jessica

Skill      XL: |  1  2  3 |
---------------+----------+-----
Transmutations | 3 |  3.9
Spellcasting   | 3 |  3.0
Fighting       | |  1.0
Dodging        | |  2.0
Unarmed Combat | |  3.0

Action                   |  1- 3 |  4- 6 || total
-------------------------+-------+-------++-------
Melee: Unarmed           |    58 |    27 ||    85
       Kick              |    13 |     1 ||    14
       Constrict         |    13 |     9 ||    22
       Tentacles         |    13 |     8 ||    21
       Punch             |     1 |     1 ||     2
 Cast: Beastly Appendage |    11 |       ||    11
       Wereblood         |     1 |       ||     1
 Stab: Sleeping          |     4 |       ||     4
Armor: Skin              |    10 |     1 ||    11
Dodge: Dodged            |    49 |    18 ||    67

Table legend: (Time is in decaauts)
 A = Elapsed time spent in this place.
 B = Non-inter-level travel time spent in this place.
 C = Inter-level travel time spent in this place.
 D = Time resting spent in this place.
 E = Time spent auto-exploring this place.
 F = Levels seen in this place.
 G = Mean time per level.
                   A        B        C        D        E       F      G
               +--------+--------+--------+--------+--------+-----+--------+
         Total |   1285 |   1252 |     33 |    167 |    796 |   2 |  642.5 |
       Dungeon |   1285 |   1252 |     33 |    167 |    796 |   2 |  642.5 |
               +--------+--------+--------+--------+--------+-----+--------+

Top non-repeatable levels by time:
     D:1: 1002 daAuts
     D:2: 282 daAuts
